 Dungeon Crawl Stone Soup version 0.27-a0-1532-gca18f49f40 (webtiles) character file.

Game seed: 14884840240474578054

984 nyamberluvr69 the Slasher (level 8, -2/60 HPs)
             Began as an Octopode Berserker on July 12, 2021.
             Was a Priest of Trog.
             Slain by a wyvern zombie (4 damage)
             ... on level 5 of the Dungeon.
             The game lasted 00:06:20 (5421 turns).

nyamberluvr69 the Slasher (Octopode Berserker)      Turns: 5421, Time: 00:06:23

Health: -2/60      AC:  2    Str: 16    XL:     8   Next: 18%
Magic:  8/8        EV: 10    Int: 10    God:    Trog [***...]
Gold:   197        SH:  7    Dex: 13    Spells: 7/7 levels left

rFire    . . .     SeeInvis .   a - +0 falchion
rCold    . . .     Faith    .   l - +0 kite shield
rNeg     . . .     Spirit   .   k - +1 hat
rPois    .         Reflect  .   (no amulet)
rElec    .         Harm     .   (no ring)
rCorr    .         Rampage  .   (no ring)
Will     .....                  (no ring)
Stlth    ++........             (no ring)
HPRegen  0.20/turn              (no ring)
MPRegen  0.11/turn              (no ring)
                                (no ring)
                                (no ring)

@: no status effects
A: almost no armour, amphibious, 8 rings, camouflage 1, gelatinous body 1,
(nimble swimmer 1), tentacles
a: Renounce Religion, Berserk, Trog's Hand


You were on level 5 of the Dungeon.
You worshipped Trog.
Trog was most pleased with you.
You visited 1 branch of the dungeon, and saw 5 of its levels.

You collected 225 gold pieces.
You spent 28 gold pieces at shops.

Inventory:

Hand Weapons
 a - a +0 falchion (weapon)
Missiles
 p - 3 throwing nets (quivered)
Armour
 k - a +1 hat (worn)
 l - a +0 kite shield (worn)
Jewellery
 i - a ring of flight
Wands
 u - a wand of paralysis (11)
Scrolls
 c - 2 scrolls of amnesia {unknown}
 d - a scroll of torment {unknown}
 e - a scroll of fog {unknown}
 g - 4 scrolls of teleportation {unknown}
 m - a scroll of enchant weapon {unknown}
 o - a scroll of blinking {unknown}
 r - a scroll of noise {unknown}
 s - 3 scrolls of vulnerability {unknown}
 t - a scroll of identify
 w - a scroll of magic mapping {unknown}
Potions
 b - 3 potions of cancellation {unknown}
 f - 3 potions of heal wounds {unknown}
 h - a potion of flight {unknown}
 j - 3 potions of curing {unknown}
 n - a potion of degeneration {unknown}
 q - a potion of invisibility {unknown}
 v - a potion of magic {unknown}


   Skills:
 + Level 7.1 Fighting
 + Level 7.2 Long Blades
 - Level 3.0 Dodging


You had 7 spell levels left.
You didn't know any spells.
Your spell library was empty.

Dungeon Overview and Level Annotations

Branches:
Dungeon (5/15)
 Temple: D:4-7

Altars:
Makhleb
Qazlal
Sif Muna
Trog

Shops:
D:4 [   D:5 *


Innate Abilities, Weirdness & Mutations

You cannot wear most types of armour.
You are amphibious.
You can wear up to eight rings at the same time.
Your skin changes colour to match your surroundings (Stealth+).
Your rubbery body absorbs attacks. (AC +1, EV +1)
((You are camouflaged near water. (Stealth+)))
You have tentacles for arms and can constrict up to eight enemies at once.


Message History

The wyvern zombie is lightly damaged.
You block the wyvern zombie's attack. The wyvern zombie bites you.
You hit the wyvern zombie.
The wyvern zombie is lightly damaged.
The wyvern zombie completely misses you.
You hit the wyvern zombie.
The wyvern zombie is lightly damaged.
The wyvern zombie bites you but does no damage.
The wyvern zombie barely misses you.
You hit the wyvern zombie. You squeeze the wyvern zombie.
The wyvern zombie is moderately damaged.
The wyvern zombie bites you! The wyvern zombie bites you.
You barely miss the wyvern zombie. You squeeze the wyvern zombie!
The wyvern zombie is heavily damaged.
The wyvern zombie bites you!
You barely miss the wyvern zombie.
The wyvern zombie is heavily damaged.
The wyvern zombie bites you. x2
You are too injured to fight recklessly!
You are too injured to fight recklessly!
You are too injured to fight recklessly!
You hit the wyvern zombie but do no damage.
The wyvern zombie is heavily damaged.
The wyvern zombie closely misses you. The wyvern zombie bites you!
* * * LOW HITPOINT WARNING * * *
You hit the wyvern zombie. You squeeze the wyvern zombie!
The wyvern zombie is almost destroyed.
The wyvern zombie barely misses you.
You hit the wyvern zombie. You squeeze the wyvern zombie.
The wyvern zombie is almost destroyed.
The wyvern zombie bites you!
* * * LOW HITPOINT WARNING * * *
The wyvern zombie closely misses you.
Throw: 4 throwing nets
Press: ? - help, Q - select action, (/) - cycle Shift-Dir - straight line, f - wyvern zombie
Aim: a wyvern zombie (almost destroyed, 79% to hit)
You throw a throwing net.
The throwing net completely misses the wyvern zombie.
The wyvern zombie closely misses you. The wyvern zombie bites you.
You die...

##.#.##.†#######...............#.
#.#.##..# #.###....###..###.
##.#.##..# ## #.#...............
.....##........#.#.##...#.#...##.
...............'.................
#....##........#.#.###.(#.#...#..
#†.#.##....... #.#.# #..#.#...#..
.....##........#+#'###........#..
.........(.....Z@...##..#.#...#..
#..#.##.............###.#.#...#..
#..#.##..######.....# #...#......
.......... ###.....# #...#......
#..#.##..# #.................#...
#..#[##..# #.......##.#.#.#..#..#
.....##..###.......##.#.#.#..#..#
...#.##............# #.#....#..#
...#.##............ #..........


You could see a wyvern zombie.

Vanquished Creatures
  A sky beast (D:5)
  A black bear (D:5)
  An ogre (D:5)
  A centaur (D:5)
  2 water moccasin skeletons
  A crimson imp (D:5)
  A hound (D:4)
  2 orc priests (D:5)
  2 bullfrog skeletons
  A jelly (D:4)
  An iguana (D:5)
  3 orc wizards
  Terence (D:3)
  A hound skeleton (D:4)
  3 adders
  7 gnolls
  A worm (D:4)
  7 orcs
  9 ball pythons
  5 endoplasms
  7 giant cockroaches
  15 hobgoblins
  4 jackals (D:4)
  5 quokkas
  5 bats
  3 frilled lizards
  4 goblins
  10 kobolds
  5 rats
109 creatures vanquished.

Vanquished Creatures (others)
  10 plants (D:1)
10 creatures vanquished.

Grand Total: 119 creatures vanquished

Notes
Turn   | Place    | Note
-------+----------+-------------------------------------------
     0 | D:1      | nyamberluvr69 the Octopode Berserker began the quest for
                  | the Orb.
     0 | D:1      | Reached XP level 1. HP: 16/16 MP: 1/1
   247 | D:1      | Reached XP level 2. HP: 18/21 MP: 2/2
   513 | D:1      | Reached ** piety under Trog
   521 | D:1      | Reached XP level 3. HP: 18/26 MP: 3/3
  1647 | D:2      | Found a faded altar of an unknown god.
  1916 | D:2      | Reached XP level 4. HP: 33/33 MP: 4/4
  1991 | D:2      | Found a stormy altar of Qazlal.
  2702 | D:3      | Noticed Terence
  2711 | D:3      | Killed Terence
  2712 | D:3      | Reached XP level 5. HP: 38/38 MP: 5/5
  3211 | D:4      | Found a bloodstained altar of Trog.
  3531 | D:4      | Reached *** piety under Trog
  3539 | D:4      | Found Kyesaw's Antique Armour Shop.
  3550 | D:4      | Reached skill level 5 in Fighting
  3550 | D:4      | Reached skill level 5 in Long Blades
  3550 | D:4      | Reached XP level 6. HP: 30/45 MP: 6/6
  3767 | D:4      | Found a shimmering blue altar of Sif Muna.
  4156 | D:5      | Entered Level 5 of the Dungeon
  4232 | D:5      | Found Peixzith's General Store.
  4241 | D:5      | Bought a scroll of identify for 28 gold pieces
  4322 | D:5      | Reached XP level 7. HP: 27/51 MP: 7/7
  4747 | D:5      | HP: 3/79 [something (5)]
  5118 | D:5      | Reached XP level 8. HP: 39/58 MP: 8/8
  5310 | D:5      | Found a burning altar of Makhleb.
  5420 | D:5      | HP: 1/60 [wyvern zombie (11)]
  5421 | D:5      | Slain by a wyvern zombie

Illustrated notes

Levels and vault maps discovered:
D:1:      roderic_crop_circles_arrival_small, layout_loops_ring,
          skrybe_limestone_x
D:2:      layout_loops_corners, shapermc_ecumenical_altar_mp_highgroup,
          basic_altar
D:3:      layout_loops_cross, minmay_stone_trees_large, minivault_4,
          uniq_terence
D:4:      layout_basic, trog_hazing_becter,
          mainiacjoe_overflow_concentric_impassable, serial_shops,
          nicolae_shop_trees, abandoned_shop
D:5:      layout_basic, makhleb_grotto_becter, serial_shops, shop_fountains,
          st_stairs_6

Skill      XL: |  1  2  3  4  5  6  7  8 |
---------------+-------------------------+-----
Fighting       | 4 5 6 7 |  7.1
Long Blades    | 4 5 6 7 |  7.2
Dodging        | |  3.0

Action                   |  1- 3 |  4- 6 |  7- 9 || total
-------------------------+-------+-------+-------++-------
Melee: Falchion          |    62 |   122 |    53 ||   237
       Constrict         |    19 |    36 |     7 ||    62
       Tentacles         |    10 |    34 |    15 ||    59
Throw: Throwing net      |       |       |     1 ||     1
Invok: Berserk           |     2 |     3 |     2 ||     7
       Trog's Hand       |       |     1 |       ||     1
 Stab: Sleeping          |     6 |     6 |     1 ||    13
Armor: Skin              |     9 |    19 |     3 ||    31
Dodge: Dodged            |    37 |    49 |    27 ||   113
Block: Kite shield       |       |    31 |    24 ||    55
       Rpst.: Falchion   |    11 |    15 |     2 ||    28

Table legend: (Time is in decaauts)
 A = Elapsed time spent in this place.
 B = Non-inter-level travel time spent in this place.
 C = Inter-level travel time spent in this place.
 D = Time resting spent in this place.
 E = Time spent auto-exploring this place.
 F = Levels seen in this place.
 G = Mean time per level.
                   A        B        C        D        E       F      G
               +--------+--------+--------+--------+--------+-----+--------+
         Total |   5551 |   5425 |    126 |   1032 |   3642 |   5 | 1110.2 |
       Dungeon |   5551 |   5425 |    126 |   1032 |   3642 |   5 | 1110.2 |
               +--------+--------+--------+--------+--------+-----+--------+

Top non-repeatable levels by time:
     D:5: 1300 daAuts
     D:4: 1200 daAuts
     D:2: 1114 daAuts
     D:1: 1093 daAuts
     D:3: 842 daAuts
